 Dungeon Crawl Stone Soup version 0.28.0-45-g0d030f2227 (webtiles) character file.

Game seed: 8817485623326203093

4 protoss039 the Digger (level 1, -2/11 HPs)
             Began as a Gargoyle Earth Elementalist on May 9, 2022.
             Slain by a dart slug (3 damage)
             ... on level 1 of the Dungeon.
             The game lasted 00:00:48 (53 turns).

protoss039 the Digger (Gargoyle Earth Elementalist)   Turns: 53, Time: 00:00:48

Health: -2/11      AC:  4    Str: 11    XL:     1   Next: 70%
Magic:  0/3        EV: 11    Int: 15    God:
Gold:   0          SH:  0    Dex: 10    Spells: 3/4 levels left

rFire   . . .      SeeInvis .   a - +0 dagger
rCold   . . .      Faith    .   (no shield)
rNeg    + . .      Spirit   .   b - +0 robe
rPois   ∞          Reflect  .   (no helmet)
rElec   +          Harm     .   (no cloak)
rCorr   .          Rampage  .   (no gloves)
Will    .....                   (no boots)
Stlth   ++........              (no amulet)
HPRegen 0.03/turn               (no ring)
MPRegen 0.08/turn               (no ring)

@: no status effects
A: sickness immunity, AC +2, negative energy resistance 1, electricity
resistance, torment resistance 1, petrification resistance
a: no special abilities


You were on level 1 of the Dungeon.
You visited 1 branch of the dungeon, and saw 1 of its levels.

Inventory:

Hand Weapons
 a - a +0 dagger (weapon)
Missiles
 c - 24 stones
Armour
 b - a +0 robe (worn)


   Skills:
 + Level 0.3 Fighting
 - Level 1.5 Dodging
 - Level 2.1 Stealth
 + Level 2.1 Spellcasting
 - Level 1.0 Transmutations
 + Level 3.7 Earth Magic


You had 3 spell levels left.
You knew the following spells:

 Your Spells              Type           Power      Damage    Failure   Level
a - Sandblast             Erth           24%        2d8       4%          1

Your spell library contained the following spells:

 Spells                   Type           Power      Damage    Failure   Level
 Passwall                 Tmut/Erth      6%         N/A       13%         2
 Stone Arrow              Conj/Erth      14%        3d7       30%         3
 Petrify                  Tmut/Erth      8%         N/A       63%         4


Dungeon Overview and Level Annotations

Branches:
Dungeon (1/15)

Altars:


Innate Abilities, Weirdness & Mutations

You are immune to sickness and miasma.
Your stone body is resilient. (AC +2)
You are immune to poison.
You resist negative energy. (rN+)
You are resistant to electric shocks. (rElec)
You are resistant to unholy torment.
You are immune to petrification.


Message History

Your Transmutations skill increases to level 1!
Unknown command.
The hobgoblin barely misses you.
You see here a +0 dagger.
a - a +0 dagger The hobgoblin barely misses you.
a - a +0 dagger (weapon)
The hobgoblin barely misses you.
You hit the hobgoblin.
The hobgoblin is moderately wounded.
You hit the hobgoblin but do no damage.
The hobgoblin is moderately wounded.
The hobgoblin hits you. The hobgoblin barely misses you.
The dart slug launches a dart at you. The slug dart misses you.
You hit the hobgoblin.
The hobgoblin is almost dead.
The hobgoblin hits you.
* * * LOW HITPOINT WARNING * * *
Casting: Sandblast (safe; 4% risk of failure)
Confirm with . or Enter, or press ? or * to list all spells.
Aiming: Sandblast (safe; 4% risk of failure)
Press: ? - help, Shift-Dir - straight line, f/p - hobgoblin
Aim: a hobgoblin (almost dead, 79% to hit)
The blast of sand hits the hobgoblin!
You kill the hobgoblin!
Unknown command.
You start resting.
A dart slug is nearby!
Casting: Sandblast (safe; 4% risk of failure)
Confirm with . or Enter, or press ? or * to list all spells.
Aiming: Sandblast (safe; 4% risk of failure)
Press: ? - help, Shift-Dir - straight line, f - dart slug
Aim: a dart slug (heavily wounded, 100% to hit)
The blast of sand hits the dart slug.
The dart slug is severely wounded.
Unknown command.
The dart slug bites you.
You die...

#.......###....#
#.......?## ..# .
#.........# . ..#
#.........## #...
#....!.....#
#..###...w..#w.##
#....#.(...#...#
....###.######w...##
. #.w@.# #.....#
#....# ###...##
#....# #.<..# #....#
####.# #....# ...
.....# ### ##....#
#....#


You could see a dart slug.

Vanquished Creatures
  A ball python (D:1)
  A goblin (D:1)
  A hobgoblin (D:1)
  A rat (D:1)
4 creatures vanquished.

Notes
Turn   | Place    | Note
-------+----------+-------------------------------------------
     0 | D:1      | protoss039 the Gargoyle Earth Elementalist began the quest
                  | for the Orb.
     0 | D:1      | Reached XP level 1. HP: 10/10 MP: 3/3
    28 | D:1      | Reached skill level 1 in Transmutations
    53 | D:1      | Slain by a dart slug

Illustrated notes

Levels and vault maps discovered:
D:1:      dpeg_arrival_long_road, layout_rooms,
          nicolae_ecumenical_snake_handling

Skill      XL: |  1 |
---------------+----+-----
Transmutations | 1 |  1.0
Fighting       | |  0.3
Dodging        | |  1.5
Stealth        | |  2.1
Spellcasting   | |  2.1
Earth Magic    | |  3.7

Action                   || total
-------------------------++-------
Melee: Unarmed           ||     5
       Dagger            ||     3
 Cast: Sandblast         ||     6
Armor: Robe              ||     4
Dodge: Dodged            ||     8
